[ PARTIDA AOE2 · #505290915 ]
UnrankedMuiscas vs Vietnamese
Equipo del jugador · DERR
Equipo rival · VICT
[ ANÁLISIS DE REPETICIÓN · EXTRAÍDO DE LA PARTIDA GRABADA ]
Feudal
14:04
Castillos
—
Imperial
—
| APM promedio | 62.7 |
| APM pico | 112 |
| eAPM promedio | 27.3 |
| Aldeanos / militares | 47 / 0 |
Foco
⚔️ 56.4% · 🌾 43.6%
Unknown (2550) ×40
Feudal
13:53
Castillos
—
Imperial
—
| APM promedio | 63.1 |
| APM pico | 105 |
| eAPM promedio | 33.0 |
| Aldeanos / militares | 70 / 30 |
Foco
⚔️ 48.8% · 🌾 51.2%
Archer ×16 · Militia ×14
Mapa de la partida
Recursos iniciales + cada clic de construcción. Líneas = muros · curvas = relieve. ◆ oro · ⬟ piedra · ● bayas · ✦ reliquia · ◌ hueco del cierre
Tu base· Abierta — flanco sin cerrar
Base de Courtesy· Abierta — hueco de 4t
Terreno inicial suavizado · ◌ = hueco del cierre detectado · pasá el cursor para detalles
Inputs por minuto
— Dr. Wiley!!! - - Courtesy
Build order — Dr. Wiley!!!
Primeras 150 de 170 acciones detectadas
| 0:00 | Crear | Villager (Male) |
| 0:01 | Crear | Villager (Male) |
| 0:02 | Construir | House |
| 0:03 | Construir | House |
| 0:09 | Crear | Villager (Male) |
| 0:10 | Crear | Villager (Male) |
| 1:12 | Crear | Villager (Male) |
| 1:12 | Crear | Villager (Male) |
| 1:55 | Crear | Villager (Male) |
| 2:30 | Crear | Villager (Male) |
| 3:02 | Crear | Villager (Male) |
| 3:07 | Construir | House |
| 3:11 | Construir | Barracks |
| 3:22 | Crear | Villager (Male) |
| 3:39 | Crear | Villager (Male) |
| 3:59 | Crear | Villager (Male) |
| 4:08 | Crear | Unit 2550 |
| 4:26 | Construir | House |
| 4:32 | Crear | Villager (Male) |
| 4:47 | Crear | Unit 2550 |
| 4:53 | Crear | Villager (Male) |
| 5:14 | Crear | Villager (Male) |
| 5:20 | Construir | House |
| 5:26 | Construir | House |
| 5:34 | Crear | Villager (Male) |
| 5:40 | Crear | Unit 2550 |
| 5:44 | Construir | Palisade Wall |
| 5:46 | Construir | Palisade Wall |
| 5:56 | Crear | Villager (Male) |
| 6:19 | Crear | Villager (Male) |
| 6:23 | Construir | House |
| 6:27 | Construir | House |
| 6:31 | Crear | Villager (Male) |
| 6:36 | Construir | Palisade Wall |
| 6:37 | Construir | Palisade Wall |
| 6:38 | Construir | Palisade Wall |
| 7:02 | Crear | Unit 2550 |
| 7:04 | Construir | House |
| 7:27 | Construir | Palisade Wall |
| 7:28 | Construir | Palisade Wall |
| 7:29 | Construir | Palisade Wall |
| 7:34 | Crear | Villager (Male) |
| 7:42 | Crear | Villager (Male) |
| 8:03 | Crear | Villager (Male) |
| 8:06 | Construir | Palisade Wall |
| 8:08 | Crear | Villager (Male) |
| 8:13 | Construir | Settlement |
| 8:23 | Construir | Palisade Wall |
| 8:24 | Construir | Palisade Wall |
| 8:25 | Construir | Palisade Wall |
| 8:39 | Construir | Settlement |
| 9:04 | Construir | Palisade Wall |
| 9:11 | Crear | Villager (Male) |
| 9:28 | Crear | Villager (Male) |
| 9:40 | Construir | Settlement |
| 9:48 | Crear | Villager (Male) |
| 9:59 | Crear | Villager (Male) |
| 10:35 | Construir | Farm |
| 10:38 | Construir | Farm |
| 10:42 | Crear | Villager (Male) |
| 10:58 | Construir | Palisade Wall |
| 10:59 | Construir | Palisade Wall |
| 11:00 | Construir | Palisade Wall |
| 11:00 | Construir | Palisade Wall |
| 11:00 | Construir | Palisade Wall |
| 11:01 | Construir | Palisade Wall |
| 11:04 | Construir | Palisade Wall |
| 11:09 | Construir | Palisade Wall |
| 11:09 | Construir | Palisade Wall |
| 11:10 | Construir | Palisade Wall |
| 11:15 | Construir | Palisade Wall |
| 11:19 | Construir | Palisade Wall |
| 11:21 | Construir | Palisade Wall |
| 11:22 | Construir | Palisade Wall |
| 11:24 | Crear | Villager (Male) |
| 11:25 | Construir | Palisade Wall |
| 11:28 | Construir | Palisade Wall |
| 11:54 | Investigar | Feudal Age |
| 11:57 | Investigar | Loom |
| 12:02 | Construir | Farm |
| 12:10 | Crear | Unit 2550 |
| 12:23 | Construir | Farm |
| 12:31 | Crear | Unit 2550 |
| 12:33 | Crear | Villager (Male) |
| 12:36 | Construir | Palisade Wall |
| 12:38 | Construir | Palisade Wall |
| 12:51 | Crear | Unit 2550 ×2 |
| 12:54 | Crear | Villager (Male) |
| 13:29 | Construir | Outpost |
| 13:34 | Crear | Villager (Male) |
| 13:40 | Construir | House |
| 13:53 | Construir | Palisade Wall |
| 14:04 | Edad | Edad Feudal |
| 14:10 | Construir | House |
| 14:17 | Investigar | Tech 1402 |
| 14:20 | Construir | Barracks |
| 14:25 | Construir | Palisade Wall |
| 14:32 | Crear | Unit 2550 |
| 14:42 | Construir | Farm |
| 14:53 | Crear | Villager (Male) |
| 14:56 | Construir | Stone Wall |
| 14:58 | Construir | Stone Wall |
| 14:58 | Construir | Stone Wall |
| 15:04 | Crear | Unit 2550 |
| 15:16 | Crear | Unit 2550 ×4 |
| 15:21 | Construir | Barracks |
| 15:27 | Crear | Villager (Male) |
| 15:30 | Construir | Stone Wall |
| 15:39 | Crear | Villager (Male) |
| 15:50 | Construir | Farm |
| 15:57 | Crear | Unit 2550 ×2 |
| 16:08 | Construir | Watch Tower |
| 16:20 | Crear | Villager (Male) |
| 16:23 | Construir | Blacksmith |
| 16:28 | Construir | Farm |
| 16:29 | Construir | Farm |
| 16:29 | Construir | Farm |
| 16:29 | Construir | Farm |
| 16:34 | Construir | Farm |
| 17:06 | Crear | Unit 2550 |
| 17:14 | Construir | House |
| 17:15 | Construir | House |
| 17:15 | Construir | House |
| 17:16 | Construir | House |
| 17:22 | Crear | Villager (Male) |
| 17:29 | Construir | House |
| 17:31 | Construir | House |
| 17:46 | Crear | Unit 2550 |
| 18:08 | Crear | Unit 2550 |
| 18:35 | Crear | Unit 2550 ×2 |
| 18:50 | Construir | Settlement |
| 18:51 | Construir | Farm |
| 18:51 | Construir | Farm |
| 18:51 | Construir | Farm |
| 18:52 | Construir | Farm |
| 18:52 | Construir | Farm |
| 18:52 | Construir | Farm |
| 18:59 | Crear | Villager (Male) |
| 19:15 | Construir | Farm |
| 19:16 | Crear | Unit 2550 |
| 19:41 | Construir | Settlement |
| 19:48 | Crear | Villager (Male) |
| 19:59 | Construir | House |
| 20:07 | Construir | House |
| 20:15 | Crear | Villager (Male) |
| 20:23 | Construir | Settlement |
| 20:29 | Crear | Villager (Male) |
| 20:44 | Crear | Villager (Male) |
| 20:58 | Construir | Blacksmith |
| 20:59 | Crear | Villager (Male) |
Build order — Courtesy
Primeras 150 de 187 acciones detectadas
| 0:01 | Crear | Villager (Male) |
| 0:01 | Crear | Villager (Male) |
| 0:02 | Construir | House |
| 0:03 | Construir | House |
| 0:06 | Crear | Villager (Male) |
| 0:08 | Crear | Villager (Male) |
| 1:26 | Crear | Villager (Male) |
| 1:26 | Crear | Villager (Male) |
| 1:54 | Construir | Lumber Camp |
| 1:57 | Crear | Villager (Male) |
| 1:57 | Crear | Villager (Male) |
| 2:16 | Crear | Villager (Male) |
| 2:16 | Crear | Villager (Male) |
| 2:44 | Crear | Villager (Male) |
| 2:44 | Crear | Villager (Male) |
| 3:19 | Crear | Villager (Male) |
| 3:19 | Crear | Villager (Male) |
| 3:33 | Crear | Villager (Male) |
| 3:50 | Crear | Villager (Male) |
| 4:20 | Crear | Villager (Male) |
| 4:37 | Construir | House |
| 4:38 | Investigar | Loom |
| 4:49 | Crear | Villager (Male) |
| 5:00 | Crear | Villager (Male) |
| 5:16 | Crear | Villager (Male) |
| 5:17 | Construir | Barracks |
| 5:23 | Crear | Villager (Male) |
| 5:38 | Crear | Villager (Male) |
| 5:43 | Crear | Villager (Male) |
| 5:49 | Crear | Villager (Male) |
| 6:15 | Construir | House |
| 6:16 | Crear | Militia |
| 6:20 | Crear | Villager (Male) |
| 6:27 | Crear | Villager (Male) |
| 6:35 | Crear | Militia |
| 7:03 | Construir | House |
| 7:32 | Crear | Villager (Male) |
| 7:33 | Construir | Palisade Wall |
| 7:34 | Construir | Palisade Wall |
| 7:38 | Construir | Mining Camp |
| 7:47 | Crear | Militia |
| 7:47 | Crear | Militia |
| 7:53 | Crear | Villager (Male) |
| 7:54 | Crear | Villager (Male) |
| 8:04 | Crear | Villager (Male) |
| 8:20 | Crear | Villager (Male) |
| 8:38 | Crear | Villager (Male) |
| 9:03 | Construir | Palisade Wall |
| 9:04 | Construir | Palisade Wall |
| 9:04 | Construir | Palisade Wall |
| 9:04 | Construir | Palisade Wall |
| 9:04 | Construir | Palisade Wall |
| 9:05 | Construir | Palisade Wall |
| 9:05 | Construir | Palisade Wall |
| 9:11 | Construir | House |
| 9:28 | Construir | Mill |
| 9:43 | Crear | Villager (Male) |
| 9:49 | Construir | Palisade Wall |
| 10:00 | Construir | Farm |
| 10:14 | Construir | House |
| 10:34 | Crear | Villager (Male) |
| 10:48 | Construir | House |
| 10:52 | Construir | Palisade Wall |
| 11:01 | Crear | Villager (Male) |
| 11:06 | Construir | Palisade Wall |
| 11:36 | Construir | Farm |
| 11:39 | Construir | Farm |
| 11:43 | Investigar | Feudal Age |
| 11:51 | Construir | Farm |
| 11:55 | Construir | Palisade Wall |
| 11:58 | Construir | Farm |
| 12:16 | Crear | Militia |
| 12:28 | Construir | Palisade Wall |
| 12:29 | Construir | Palisade Wall |
| 12:44 | Crear | Villager (Male) |
| 12:53 | Crear | Militia |
| 13:06 | Construir | Farm |
| 13:07 | Construir | Farm |
| 13:33 | Construir | Palisade Wall |
| 13:52 | Construir | House |
| 13:53 | Edad | Edad Feudal |
| 13:54 | Construir | Palisade Wall |
| 13:55 | Investigar | Man-at-Arms (upgrade) |
| 13:55 | Investigar | Man-at-Arms (upgrade) |
| 13:56 | Investigar | Double-Bit Axe |
| 13:56 | Investigar | Double-Bit Axe |
| 13:57 | Crear | Villager (Male) |
| 13:59 | Construir | Archery Range |
| 14:00 | Crear | Villager (Male) |
| 14:07 | Investigar | Horse Collar |
| 14:19 | Construir | Palisade Wall |
| 14:27 | Crear | Villager (Male) |
| 14:39 | Construir | Mining Camp |
| 14:41 | Crear | Villager (Male) |
| 14:42 | Construir | Farm |
| 14:46 | Crear | Militia |
| 14:59 | Crear | Archer |
| 15:03 | Construir | Farm |
| 15:04 | Crear | Villager (Male) |
| 15:17 | Construir | Blacksmith |
| 15:22 | Crear | Villager (Male) |
| 15:24 | Crear | Archer |
| 15:30 | Crear | Villager (Male) |
| 15:38 | Construir | Palisade Gate |
| 15:44 | Crear | Archer |
| 15:47 | Crear | Villager (Male) |
| 15:57 | Crear | Villager (Male) |
| 16:15 | Crear | Villager (Male) |
| 16:22 | Investigar | Fletching |
| 16:22 | Investigar | Fletching |
| 16:27 | Crear | Villager (Male) |
| 16:29 | Construir | Watch Tower |
| 16:30 | Crear | Villager (Male) |
| 16:35 | Crear | Archer |
| 16:43 | Construir | Farm |
| 16:48 | Crear | Villager (Male) |
| 16:54 | Crear | Archer |
| 17:06 | Investigar | Scale Mail Armor |
| 17:06 | Investigar | Scale Mail Armor |
| 17:15 | Crear | Militia |
| 17:18 | Construir | House |
| 17:19 | Construir | House |
| 17:20 | Crear | Villager (Male) |
| 17:21 | Construir | House |
| 17:23 | Construir | Stone Wall |
| 17:29 | Construir | Stone Wall |
| 17:32 | Crear | Villager (Male) |
| 17:38 | Crear | Villager (Male) |
| 17:46 | Crear | Villager (Male) |
| 17:47 | Crear | Archer |
| 17:59 | Construir | Stone Wall |
| 18:01 | Crear | Villager (Male) |
| 18:12 | Crear | Archer |
| 18:17 | Crear | Militia |
| 18:18 | Crear | Militia |
| 18:22 | Crear | Villager (Male) |
| 18:25 | Construir | Stone Wall |
| 18:49 | Crear | Militia |
| 19:03 | Crear | Villager (Male) |
| 19:06 | Crear | Archer |
| 19:21 | Construir | Mining Camp |
| 19:24 | Crear | Villager (Male) |
| 19:32 | Construir | Farm |
| 19:36 | Crear | Villager (Male) |
| 19:48 | Construir | Mining Camp |
| 19:54 | Crear | Villager (Male) |
| 20:00 | Crear | Archer |
| 20:02 | Construir | Farm |
| 20:03 | Construir | Farm |
| 20:04 | Crear | Villager (Male) |
Cronología de la partida
| 3:11 | Dr. Wiley!!! · first_building Barracks |
| 5:17 | Courtesy · first_building Barracks |
| 5:44 | Dr. Wiley!!! · wall_segment Palisade Wall x1 |
| 5:46 | Dr. Wiley!!! · wall_segment Palisade Wall x1 |
| 6:36 | Dr. Wiley!!! · wall_segment Palisade Wall x1 |
| 6:37 | Dr. Wiley!!! · wall_segment Palisade Wall x1 |
| 6:38 | Dr. Wiley!!! · wall_segment Palisade Wall x1 |
| 7:27 | Dr. Wiley!!! · wall_segment Palisade Wall x1 |
| 7:28 | Dr. Wiley!!! · wall_segment Palisade Wall x1 |
| 7:29 | Dr. Wiley!!! · wall_segment Palisade Wall x1 |
| 7:33 | Courtesy · wall_segment Palisade Wall x1 |
| 7:34 | Courtesy · wall_segment Palisade Wall x1 |
| 8:06 | Dr. Wiley!!! · wall_segment Palisade Wall x1 |
| 8:23 | Dr. Wiley!!! · wall_segment Palisade Wall x1 |
| 8:24 | Dr. Wiley!!! · wall_segment Palisade Wall x1 |
| 8:25 | Dr. Wiley!!! · wall_segment Palisade Wall x1 |
| 9:03 | Courtesy · wall_segment Palisade Wall x1 |
| 9:04 | Courtesy · wall_segment Palisade Wall x1 |
| 9:04 | Courtesy · wall_segment Palisade Wall x1 |
| 9:04 | Courtesy · wall_segment Palisade Wall x2 |
| 9:04 | Dr. Wiley!!! · wall_segment Palisade Wall x1 |
| 9:04 | Courtesy · wall_segment Palisade Wall x2 |
| 9:05 | Courtesy · wall_segment Palisade Wall x1 |
| 9:05 | Courtesy · wall_segment Palisade Wall x1 |
| 9:49 | Courtesy · wall_segment Palisade Wall x1 |
| 10:52 | Courtesy · wall_segment Palisade Wall x1 |
| 10:58 | Dr. Wiley!!! · wall_segment Palisade Wall x1 |
| 10:59 | Dr. Wiley!!! · wall_segment Palisade Wall x1 |
| 11:00 | Dr. Wiley!!! · wall_segment Palisade Wall x1 |
| 11:00 | Dr. Wiley!!! · wall_segment Palisade Wall x1 |
| 11:00 | Dr. Wiley!!! · wall_segment Palisade Wall x1 |
| 11:01 | Dr. Wiley!!! · wall_segment Palisade Wall x1 |
| 11:04 | Dr. Wiley!!! · wall_segment Palisade Wall x1 |
| 11:06 | Courtesy · wall_segment Palisade Wall x1 |
| 11:09 | Dr. Wiley!!! · wall_segment Palisade Wall x1 |
| 11:09 | Dr. Wiley!!! · wall_segment Palisade Wall x1 |
| 11:10 | Dr. Wiley!!! · wall_segment Palisade Wall x1 |
| 11:15 | Dr. Wiley!!! · wall_segment Palisade Wall x1 |
| 11:19 | Dr. Wiley!!! · wall_segment Palisade Wall x1 |
| 11:21 | Dr. Wiley!!! · wall_segment Palisade Wall x1 |
| 11:22 | Dr. Wiley!!! · wall_segment Palisade Wall x1 |
| 11:25 | Dr. Wiley!!! · wall_segment Palisade Wall x4 |
| 11:28 | Dr. Wiley!!! · wall_segment Palisade Wall x3 |
| 11:55 | Courtesy · wall_segment Palisade Wall x1 |
| 12:28 | Courtesy · wall_segment Palisade Wall x1 |
| 12:29 | Courtesy · wall_segment Palisade Wall x1 |
| 12:36 | Dr. Wiley!!! · wall_segment Palisade Wall x1 |
| 12:38 | Dr. Wiley!!! · wall_segment Palisade Wall x1 |
| 13:33 | Courtesy · wall_segment Palisade Wall x1 |
| 13:53 | Dr. Wiley!!! · wall_segment Palisade Wall x1 |
| 13:53 | Courtesy · age_up feudal |
| 13:54 | Courtesy · wall_segment Palisade Wall x6 |
| 13:59 | Courtesy · first_building Archery Range |
| 14:04 | Dr. Wiley!!! · age_up feudal |
| 14:19 | Courtesy · wall_segment Palisade Wall x1 |
| 14:25 | Dr. Wiley!!! · wall_segment Palisade Wall x1 |
| 14:56 | Dr. Wiley!!! · wall_segment Stone Wall x1 |
| 14:58 | Dr. Wiley!!! · wall_segment Stone Wall x1 |
| 14:58 | Dr. Wiley!!! · wall_segment Stone Wall x1 |
| 15:30 | Dr. Wiley!!! · wall_segment Stone Wall x1 |
| 17:23 | Courtesy · wall_segment Stone Wall x1 |
| 17:29 | Courtesy · wall_segment Stone Wall x1 |
| 17:59 | Courtesy · wall_segment Stone Wall x1 |
| 18:25 | Courtesy · wall_segment Stone Wall x1 |
| 20:46 | Courtesy · wall_segment Stone Wall x1 |
| 20:47 | Courtesy · wall_segment Stone Wall x1 |
| 20:53 | Courtesy · wall_segment Stone Wall x1 |
| 20:54 | Courtesy · wall_segment Stone Wall x1 |
| 20:54 | Courtesy · wall_segment Stone Wall x1 |
| 20:56 | Courtesy · wall_segment Stone Wall x1 |
| 20:57 | Courtesy · wall_segment Stone Wall x2 |
| 20:57 | Courtesy · wall_segment Stone Wall x2 |
| 20:57 | Courtesy · wall_segment Stone Wall x1 |
| 20:57 | Courtesy · wall_segment Stone Wall x1 |
| 21:36 | Courtesy · wall_segment Stone Wall x2 |
| 22:02 | Courtesy · first_market_sell 100 wood |
| 22:03 | Courtesy · first_market_buy 100 food |
| 23:50 | Dr. Wiley!!! · resign |
[ ANÁLISIS IA · 1 CRÉDITO ]
¿Qué pasó realmente en esta partida?
Wolo.gg analiza cada decisión: build order, eco, micro, errores típicos por bracket. Análisis personalizado por WhatsApp o Discord en 30 segundos.
Guía civ
Muiscas
Perfil
Jugador #21733994